 Dungeon Crawl Stone Soup version 0.23-a0-141-g456867d (webtiles) character file.

46 Amnesiac the Vexing (level 3, -5/26 HPs)
             Began as a Mummy Arcane Marksman on Aug 31, 2018.
             Slain by a centaur
             ... wielding a +0 hand axe
              (11 damage)
             ... on level 2 of the Dungeon.
             The game lasted 00:03:10 (1806 turns).

Amnesiac the Vexing (Mummy Arcane Marksman)         Turns: 1806, Time: 00:03:10

Health: -5/26      AC:  7    Str: 13    XL:     3   Next: 44%
Magic:  4/7        EV: 10    Int: 13    God:
Gold:   52         SH:  0    Dex: 12    Spells: 4/7 levels left

rFire    x . .     SeeInvis .   a - +0 hand crossbow
rCold    + . .     Gourm    .   (no shield)
rNeg     + + +     Faith    .   j - +0 swamp dragon scales
rPois    ∞         Spirit   .   (no helmet)
rElec    .         Reflect  .   (no cloak)
rCorr    .         Harm     .   (no gloves)
MR       .....                  (no boots)
Stlth    +.........             (no amulet)
HPRegen  0.08/turn              (no ring)
MPRegen  0.10/turn              (no ring)

@: very slightly contaminated
A: no food or potions, fire vulnerability, cold resistance 1, negative energy
resistance 3, torment resistance, unbreathing
a: no special abilities


You were on level 2 of the Dungeon.
You were not hungry.

You visited 1 branch of the dungeon, and saw 2 of its levels.

You collected 52 gold pieces.

Inventory:

Hand Weapons
 a - a +0 hand crossbow (weapon)
 b - a +0 whip
 i - a -1 mace
Missiles
 d - 16 bolts (quivered)
 h - a throwing net
Armour
 e - a +0 robe
 j - +0 swamp dragon scales (worn)
Scrolls
 c - a scroll of amnesia {!r, unknown}
 g - 2 scrolls of enchant armour {!r}


   Skills:
 - Level 1.0 Fighting
 - Level 2.0 Crossbows
 - Level 1.5 Dodging
 + Level 2.8 Spellcasting
 + Level 3.3 Hexes


You had 4 spell levels left.
You knew the following spells:

 Your Spells              Type           Power        Failure   Level  Hunger
a - Corona                Hex            ##.....      13%         1    N/A
e - Slow                  Hex            ##......     21%         2    N/A

Your spell library contained the following spells:

 Spells                   Type           Power        Failure   Level  Hunger
 Inner Flame              Hex/Fire       #.......     61%         3    N/A
 Portal Projectile        Hex/Tloc       #.....       61%         3    N/A
 Cause Fear               Hex            ##........   78%         4    N/A
 Leda's Liquefaction      Hex/Erth       #.........   95%         4    N/A

Dungeon Overview and Level Annotations

Branches:
Dungeon (2/15)

Altars:
Uskayaw


Innate Abilities, Weirdness & Mutations

You do not eat or drink.
Your flesh is vulnerable to fire.
You are immune to poison.
Your flesh is cold resistant. (rC+)
You are immune to negative energy. (rN+++)
You are immune to unholy pain and torment.
You can survive without breathing.


Message History

The adder bites you but does no damage. The adder bites you.
Firing (i - inventory. (/) - cycle)
d - 11 bolts (quivered)
Press: ? - help, Shift-Dir - straight line, f/p - adder
Aim: an adder (almost dead, softly glowing)
You shoot a bolt. The bolt hits the adder.
You kill the adder!
d - 13 bolts (gained 3)
You see here an adder corpse.
d - 14 bolts (gained 1)
d - 18 bolts (gained 4)
You see here a ration.
Magic restored.
A frilled lizard comes into view.
The frilled lizard hisses angrily.
A frilled lizard is nearby!
A frilled lizard is nearby!
Firing (i - inventory. (/) - cycle)
d - 18 bolts (quivered)
Press: ? - help, Shift-Dir - straight line, f - frilled lizard
Aim: a frilled lizard You shoot a bolt.
The bolt closely misses the frilled lizard.
The frilled lizard hisses.
The frilled lizard bites you but does no damage.
The frilled lizard bites you.
Firing (i - inventory. (/) - cycle)
d - 17 bolts (quivered)
Press: ? - help, Shift-Dir - straight line, f/p - frilled lizard
Aim: a frilled lizard You shoot a bolt.
The bolt hits the frilled lizard!
You kill the frilled lizard!
No target in view!
No target in view!
Found 27 arrows.
HP restored.
Found an escape hatch in the floor.
Found a ration.
The centaur is too close now for your liking.
A centaur is nearby!
A centaur is nearby!
The centaur shouts!
The centaur shoots an arrow.
The arrow hits you.
You start resting.
The centaur shoots an arrow.
The arrow hits you!
Ouch! That really hurt!
* * * LOW HITPOINT WARNING * * *
The centaur unwields an uncursed shortbow.
The centaur wields a hand axe.
The centaur barely misses you.
Casting: Corona (safe; 13% risk of failure)
Confirm with . or Enter, or press ? or * to list all spells.
Aiming: Slow (safe; 21% risk of failure)
Press: ? - help, Shift-Dir - straight line, f - centaur
Aim: a centaur, wielding a hand axe (chance to defeat MR: 46%)
The centaur resists with some effort.
The centaur closely misses you.
Unknown command.
Casting: Slow (safe; 21% risk of failure)
Confirm with . or Enter, or press ? or * to list all spells.
Aiming: Corona (safe; 13% risk of failure)
Press: ? - help, Shift-Dir - straight line, f/p - centaur
Aim: a centaur, wielding a hand axe (chance to defeat MR: 46%)
You miscast Corona.
You are very lightly contaminated with residual magic.
Your skin tingles.
The centaur hits you but does no damage.
The centaur hits you with a hand axe!
You die...

##.# #..............
#..# #....##.#######
#..#####.##.##.#
#.......>##....#
#.###.#####..### ###
#.# #.# #..# #..
#.###.# #..#######(#
##...#(# #..##......#
#.....@#####..##.......
#......c..(......######
#......#####..##.# ##
##%$.#.# ##..##.### ..
#.................##..
##.##.#########.......
.. ... #####... #.. #.#
#... #.. #.##


You could see a centaur.

Vanquished Creatures
  An adder (D:2)
  An ooze (D:2)
  A leopard gecko (D:1)
  4 bats
  3 goblins (D:1)
  2 hobgoblins (D:1)
  7 jackals
  2 kobolds (D:1)
  2 ball pythons
  3 frilled lizards
  4 rats
30 creatures vanquished.

Notes
Turn   | Place    | Note
-------+----------+-------------------------------------------
     0 | D:1      | Amnesiac the Mummy Arcane Marksman began the quest for the
                  | Orb.
     0 | D:1      | Reached XP level 1. HP: 15/15 MP: 2/2
   421 | D:1      | Reached XP level 2. HP: 16/21 MP: 0/4
   605 | D:1      | Reached skill level 3 in Hexes
  1128 | D:2      | Noticed a centaur
  1285 | D:2      | Learned a level 2 spell: Slow
  1363 | D:2      | Reached XP level 3. HP: 26/26 MP: 6/6
  1708 | D:2      | Found a hide-covered altar of Uskayaw.
  1806 | D:2      | Slain by a centaur

Vault maps used:
D:1:      nzn_arrival_water_spiral
D:2:      eat_drink_and_be_merry_uskayaw

Skill      XL: |  1  2 |
---------------+-------+-----
Spellcasting   | 2 |  2.8
Hexes          | 3 |  3.3
Crossbows      | 2 |  2.0
Fighting       | |  1.0
Dodging        | |  1.5

Action                   || total
-------------------------++-------
Melee: Mace              ||    34
       Whip              ||     3
       Club              ||     2
       Unarmed           ||     1
 Fire: Hand crossbow     ||    30
 Cast: Corona            ||    13
       Slow              ||     1
  Use: Scroll            ||     4
Armor: Robe              ||    18
       Swamp dragon scal ||     8
Dodge: Dodged            ||    80

Table legend:
 A = Non-vault XP
 B = Vault XP
 C = Vault XP percentage of total XP
 D = Non-vault monster count
 E = Vault monster count
 F = Vault count percentage of total count
                 A         B        C        D         E       F
            +---------+---------+-------+---------+---------+-------
      Total |      66 |       0 |   0.0 |      30 |       0 |   0.0
            +---------+---------+-------+---------+---------+-------
        D:1 |      33 |       0 |   0.0 |      20 |       0 |   0.0
        D:2 |      33 |       0 |   0.0 |      10 |       0 |   0.0
            +---------+---------+-------+---------+---------+-------
